 Dungeon Crawl Stone Soup version 0.24.0-123-gd5b16e6ec5 (webtiles) character file.

Game seed: 4050614365784119640, levelgen mode: deterministic

216 Amplified the Skirmisher (level 5, -1/55 HPs)
             Began as an Ogre Fire Elementalist on Feb 4, 2020.
             Was a Believer of Trog.
             Slain by an orc warrior
             ... wielding a +0 halberd
              (20 damage)
             ... on level 4 of the Dungeon.
             The game lasted 00:04:14 (2714 turns).

Amplified the Skirmisher (Ogre Fire Elementalist)   Turns: 2714, Time: 00:04:15

Health: -1/55      AC:  4    Str: 17    XL:     5   Next: 93%
Magic:  0/9        EV: 10    Int: 17    God:    Trog [**....]
Gold:   169        SH:  0    Dex:  9    Spells: 4/10 levels left

rFire    . . .     SeeInvis .   f - +1 spear (venom)
rCold    . . .     Gourm    .   (no shield)
rNeg     . . .     Faith    .   a - +1 robe
rPois    .         Spirit   +   (helmet restricted)
rElec    .         Reflect  .   b - scarf {Spirit}
rCorr    .         Harm     .   (gloves unavailable)
MR       .....                  (boots unavailable)
Stlth    +.........             k - amulet of the acrobat
HPRegen  0.18/turn              d - ring of flight
MPRegen  0.11/turn              (no ring)

@: mighty, berserk cooldown, slowed, very slow
A: large, unfitting armour, tough skin 1
a: Berserk, Trog's Hand, Renounce Religion, Evoke Flight


You were on level 4 of the Dungeon.
You worshipped Trog.
Trog was pleased with you.
You were not hungry.

You visited 1 branch of the dungeon, and saw 4 of its levels.

You collected 169 gold pieces.

Inventory:

Hand Weapons
 e - a +0 spear
 f - a +1 spear of venom (weapon)
 l - a +1 short sword of electrocution
Armour
 a - a +1 robe (worn)
 b - a scarf of spirit shield (worn)
Jewellery
 d - a ring of flight (left hand)
 k - an amulet of the acrobat (around neck)
Scrolls
 h - 3 scrolls of magic mapping
 j - 5 scrolls of remove curse
Comestibles
 c - 7 rations
 g - 3 chunks of flesh


   Skills:
 * Level 4.7 Fighting
 - Level 1.3 Short Blades
 * Level 2.4 Polearms
 - Level 1.7 Dodging
 - Level 1.4 Stealth
 - Level 3.1 Spellcasting
 - Level 1.2 Conjurations
 - Level 2.9 Fire Magic


You had 4 spell levels left.
You knew the following spells:

 Your Spells              Type           Power        Failure   Level  Hunger
a - Flame Tongue          Conj/Fire      #....        8%          1    None
b - Throw Flame           Conj/Fire      #.....       11%         2    ##.....
c - Conjure Flame         Conj/Fire      #.......     22%         3    ###....

Your spell library contained the following spells:

 Spells                   Type           Power        Failure   Level  Hunger
 Inner Flame              Hex/Fire       #.......     28%         3    ###....
 Sticky Flame             Conj/Fire      #.......     58%         4    ####...
 Fireball                 Conj/Fire      #.........   90%         5    ######.


Dungeon Overview and Level Annotations

Branches:
Dungeon (4/15)
 Temple: D:4-7

Altars:
Trog


Innate Abilities, Weirdness & Mutations

You are too large for most types of armour.
You have tough skin. (AC +1)


Message History

Okay, then.
You feel very mighty all of a sudden. The orc warrior closely misses you.
Something hits you but does no damage.
Deactivating autopickup; reactivate with Ctrl-A.
Unknown command.
You hit the orc warrior but do no damage.
The orc warrior looks as sick as possible!
The orc warrior is moderately wounded.
The orc warrior hits you with a +0 halberd!
Something hits you. x2
Unknown command.
Unknown command.
You closely miss the orc warrior.
The orc warrior is heavily wounded.
The orc warrior hits you with a +0 halberd!
You hear some strange, mumbled words.
A puff of flame appears from out of thin air!
The puff of flame hits you.
The orc warrior hits you with a +0 halberd!!
You die...

..##### # #....... # #.#
#..##### #.# #....... #.#
#..(..## .############.#
#.....##
...o..o.......###..#.##
#########...........#.#
#....!..@o........(.#.###
#.######...#######..#....
###...#######..#.#..
..............#....
#######.##########.###.#
........................
##############.##########.#.#..
#.........# #.# #............#
###.#######.#
#.###+######.###.#


You could see an orc warrior.

Vanquished Creatures
  A worker ant (D:4)
  Natasha (D:4)
  An orc wizard (D:4)
  Terence (D:3)
  3 gnolls (D:3)
  An adder (D:3)
  A shadow imp (D:3)
  An ooze (D:1)
  An adder skeleton (D:4)
  2 worms
  A dart slug (D:3)
  A leopard gecko (D:1)
  An orc (D:3)
  3 bats
  A giant cockroach (D:3)
  13 goblins
  8 hobgoblins
  A quokka (D:4)
  2 frilled lizards
  9 kobolds
  4 rats
57 creatures vanquished.

Notes
Turn   | Place    | Note
-------+----------+-------------------------------------------
     0 | D:1      | Amplified the Ogre Fire Elementalist began the quest for
                  | the Orb.
     0 | D:1      | Reached XP level 1. HP: 16/16 MP: 3/3
   118 | D:1      | Reached skill level 1 in Conjurations
   287 | D:1      | Reached skill level 1 in Fighting
   289 | D:1      | Reached XP level 2. HP: 27/27 MP: 1/5
   827 | D:1      | Reached XP level 3. HP: 32/35 MP: 5/7
   950 | D:2      | Learned a level 2 spell: Throw Flame
   954 | D:2      | Learned a level 3 spell: Conjure Flame
  1010 | D:2      | Reached skill level 2 in Fighting
  1040 | D:3      | Found a faded altar of an unknown god.
  1064 | D:3      | Became a worshipper of Trog the Wrathful
  1064 | D:3      | Reached * piety under Trog
  1289 | D:3      | Reached skill level 1 in Polearms
  1409 | D:3      | Reached XP level 4. HP: 42/44 MP: 8/8
  1660 | D:3      | Reached skill level 3 in Fighting
  1672 | D:3      | Reached ** piety under Trog
  1796 | D:3      | Noticed Terence
  1803 | D:3      | Killed Terence
  1803 | D:3      | Reached XP level 5. HP: 51/54 MP: 9/9
  1972 | D:4      | Reached skill level 4 in Fighting
  1972 | D:4      | Reached skill level 1 in Short Blades
  2359 | D:4      | Noticed Natasha
  2370 | D:4      | Killed Natasha
  2697 | D:4      | Noticed an orc warrior
  2714 | D:4      | Slain by an orc warrior

Levels and vault maps discovered:
D:1:      dpeg_arrival_rooms_with_view, layout_basic, serial_forest,
          infiniplex_forest_corner_1, infiniplex_forest_straight_2,
          infiniplex_forest_zigzag_1, infiniplex_forest_lined_room_2
D:2:      layout_basic, gammafunk_temple_overflow_forgotten,
          uniq_crazy_yiuf_cottage
D:3:      layout_basic, chequers_ecumenical_altar_simple, uniq_terence
D:4:      layout_basic, first_ration, corexii_shack, minmay_goblin_outpost,
          uniq_natasha

Skill      XL: |  1  2  3  4  5 |
---------------+----------------+-----
Conjurations   | 1 |  1.2
Fighting       | 1 2 3 4 |  4.7
Spellcasting   | 3 |  3.1
Polearms       | 1 2 |  2.4
Short Blades   | 1 |  1.3
Dodging        | |  1.7
Stealth        | |  1.4
Fire Magic     | |  2.9

Action                   |  1- 3 |  4- 6 || total
-------------------------+-------+-------++-------
Melee: Unarmed           |    17 |       ||    17
       Spear             |    49 |    54 ||   103
       Short sword       |       |    33 ||    33
 Cast: Flame Tongue      |    33 |       ||    33
Invok: Berserk           |     2 |     5 ||     7
  Use: Scroll            |     3 |     4 ||     7
       Potion            |     1 |     4 ||     5
 Stab: Sleeping          |     1 |     1 ||     2
  Eat: Chunk             |     4 |     5 ||     9
       Ration            |       |     1 ||     1
Armor: Robe              |    18 |    13 ||    31
Dodge: Dodged            |    37 |    43 ||    80
